[Event "fics rated crazyhouse match"]
[Site "fics, Oklahoma City, OK USA"]
[Date "2000.12.06"]
[White "Burgsvik"]
[WhiteElo "2205"]
[Black "LINDEGREN"]
[BlackElo "2333"]
[TimeControl "120+0"]
[Result "0-1"]

1. e3 Nf6 2. d4 Nc6 3. Be2 d5 4. f4 e6 5. Nf3 Bb4+ 6. c3 
Bd6 7. O-O Ne4 8. Ne5 O-O 9. Bd2 f6 10. Nxc6 bxc6 11. Be1 Bd7 
12. Bg3 Be8 13. Nd2 N@f5 14. Nxe4 dxe4 15. Bf2 N@h4 16. Bg4 Nxg2 17. Kxg2 
P@f3+ 18. Kg1 Qe7 19. Bxf5 exf5 20. Re1 B@e2 21. Qb3+ Bf7 22. Qc2 Bxf4 
23. exf4 e3 24. Bxe3 Qxe3+ 25. B@f2 Qe4 26. Qd2 Rae8 27. P@e3 B@h6 28. N@g3 
Qe6 29. N@h4 Bxf4 30. exf4 P@e3 31. Bxe3 Qxe3+ 32. Qxe3 Rxe3 33. B@f2 Ree8 
34. Ngxf5 Q@g4+ 35. Q@g3 Qxg3+ 36. hxg3 P@g2 37. Kh2 B@g4 38. N@h6+ Kh8 39. Nxg4 
Q@h1+ 40. Rxh1 gxh1=Q+ 41. Rxh1 Bh5 42. P@h6 Rg8 43. hxg7+ Rxg7 44. P@h6 R@g8 
45. hxg7+ Rxg7 46. P@h6 Rxg4 47. P@g7+ Kg8 48. Q@h8+ Kf7 49. Q@f8+ Ke6 50. Qxf6+ 
Kd5 51. R@e5+ Kc4 52. Rc5+ Kd3 53. B@c2+ Kxc2 
{Burgsvik forfeits on time} 0-1

[Event "fics rated crazyhouse match"]
[Site "fics, Oklahoma City, OK USA"]
[Date "2000.12.06"]
[White "LINDEGREN"]
[WhiteElo "2338"]
[Black "Burgsvik"]
[BlackElo "2200"]
[TimeControl "120+0"]
[Result "1-0"]

1. e4 e6 2. Nc3 Nc6 3. d4 Bb4 4. Nf3 Nf6 5. Bd3 d5 6. exd5 
Nxd5 7. Bd2 Bxc3 8. bxc3 N@f4 9. Bxf4 Nxf4 10. Rg1 B@b2 11. B@d2 Bxa1 
12. Qxa1 Nxd3+ 13. cxd3 P@c2 14. Ke2 B@d1+ 15. Rxd1 cxd1=Q+ 16. Qxd1 R@g4 17. B@g3 
Rxd4 18. cxd4 Nxd4+ 19. Nxd4 Qxd4 20. P@e3 Qxd3+ 21. Kxd3 N@c5+ 22. Ke2 P@d3+ 
23. Ke1 P@e2 24. B@b5+ P@c6 25. N@f6+ gxf6 26. N@g7+ Ke7 27. P@d6+ cxd6 28. Bxd6+ 
Kxd6 29. N@c4+ Ke7 30. Q@d6# 
{Burgsvik checkmated} 1-0

[Event "fics rated crazyhouse match"]
[Site "fics, Oklahoma City, OK USA"]
[Date "2000.12.06"]
[White "Burgsvik"]
[WhiteElo "2195"]
[Black "LINDEGREN"]
[BlackElo "2343"]
[TimeControl "120+0"]
[Result "1-0"]

1. e3 Nf6 2. b3 Nc6 3. Bb2 e5 4. Nf3 d6 5. Bb5 Be7 6. d4 
e4 7. Ng5 O-O 8. d5 Ne5 9. Bxe5 dxe5 10. O-O B@h5 11. f3 Nxd5 
12. Nxh7 exf3 13. Nxf8 Qxf8 14. Rxf3 Nxe3 15. P@h7+ Kxh7 16. Qd3+ P@g6 17. Qxe3 
Bc5 18. N@g5+ Kh8 19. R@h7+ Kg8 20. Rxg7+ Qxg7 21. P@h7+ Qxh7 22. N@f6+ Kh8 
23. Qxc5 R@d1+ 24. B@f1 Rxf1+ 25. Bxf1 B@d4+ 26. Qxd4 exd4 27. Ngxh7 Be6 28. P@g7+ 
Kxg7 29. Nxh5+ gxh5 30. B@f6+ Kg6 31. Q@g7# 
{LINDEGREN checkmated} 1-0

[Event "fics rated crazyhouse match"]
[Site "fics, Oklahoma City, OK USA"]
[Date "2000.12.06"]
[White "LINDEGREN"]
[WhiteElo "2332"]
[Black "Burgsvik"]
[BlackElo "2206"]
[TimeControl "120+0"]
[Result "1-0"]

1. e4 e6 2. Nc3 Nc6 3. d4 Bb4 4. a3 Bxc3+ 5. bxc3 d5 6. exd5 
exd5 7. Nf3 N@e4 8. B@d2 Ngf6 9. Bd3 O-O 10. Bxe4 dxe4 11. Ne5 Nxd4 
12. P@h6 Nxc2+ 13. Qxc2 P@d3 14. Qb3 B@c2 15. Qb2 gxh6 16. Bxh6 Qd6 17. Bxf8 
Qxe5 18. P@g7 d2+ 19. Bxd2 N@d3+ 20. Kf1 P@e2+ 21. Kg1 
{Burgsvik resigns} 1-0

[Event "fics rated crazyhouse match"]
[Site "fics, Oklahoma City, OK USA"]
[Date "2000.12.06"]
[White "Burgsvik"]
[WhiteElo "2201"]
[Black "LINDEGREN"]
[BlackElo "2337"]
[TimeControl "120+0"]
[Result "1-0"]

1. e4 Nf6 2. e5 Nd5 3. Bc4 e6 4. Bxd5 exd5 5. Nc3 d6 6. Nxd5 
dxe5 7. Nxc7+ Qxc7 8. Qe2 N@d4 9. N@d5 Qd6 10. Qc4 B@b5 11. Qxc8+ Qd8 
12. Qxd8+ Kxd8 13. P@c7+ Kd7 14. Q@d8+ Ke6 15. c8=Q+ Nd7 16. B@h3+ P@f5 17. Nc7+ 
Kd6 18. Nxb5+ Kd5 19. Qcxd7+ Kc4 20. B@d3+ Kb4 21. P@c3+ Ka4 22. b3# 
{LINDEGREN resigns} 1-0

[Event "fics rated crazyhouse match"]
[Site "fics, Oklahoma City, OK USA"]
[Date "2000.12.06"]
[White "LINDEGREN"]
[WhiteElo "2326"]
[Black "Burgsvik"]
[BlackElo "2212"]
[TimeControl "120+0"]
[Result "1-0"]

1. e4 e6 2. d4 Nc6 3. Nc3 Bb4 4. Nf3 Nf6 5. Bd3 d5 6. exd5 
Nxd5 7. Bd2 Bxc3 8. bxc3 N@b2 9. Qe2 Nxd3+ 10. Qxd3 B@b2 11. Rd1 Nxc3 
12. Bxc3 Bxc3+ 13. P@d2 B@b4 14. dxc3 Bxc3+ 15. Qxc3 P@b4 16. Qd3 P@c3 17. O-O 
P@d2 18. N@h5 Nxd4 19. Nxg7+ Kf8 20. Nxd4 Qxd4 21. Qxd4 N@e2+ 22. Kh1 Nxd4 
23. B@f6 P@e2 24. Q@e8# 
{Burgsvik checkmated} 1-0

[Event "fics rated crazyhouse match"]
[Site "fics, Oklahoma City, OK USA"]
[Date "2000.12.06"]
[White "venomous"]
[WhiteElo "2358"]
[Black "LINDEGREN"]
[BlackElo "2331"]
[TimeControl "60+0"]
[Result "1-0"]

1. e4 Nf6 2. Nc3 Nc6 3. d4 d5 4. exd5 Nxd5 5. Bc4 e6 6. Nf3 
Bb4 7. Bd2 P@a3 8. Bxd5 exd5 9. bxa3 Bxc3 10. Bxc3 Qe7+ 11. P@e5 N@e4 
12. B@d2 Nxc3 13. Bxc3 B@g4 14. P@e2 Bxf3 15. exf3 N@h4 16. B@f1 B@e4 17. fxe4 
dxe4 18. N@h5 f6 19. N@d5 Qf7 20. exf6 g6 21. P@g7 Rg8 22. B@g3 Nxg2+ 
23. Bxg2 Qxd5 24. f7+ Kxf7 25. N@h6+ Ke7 26. Nxg8+ Qxg8 27. d5 Bd7 28. d6+ 
Ke8 29. R@f8+ Qxf8 30. gxf8=Q+ Kxf8 31. Q@g7+ Ke8 32. Nf6# 
{LINDEGREN resigns} 1-0

[Event "fics rated crazyhouse match"]
[Site "fics, Oklahoma City, OK USA"]
[Date "2000.12.06"]
[White "LINDEGREN"]
[WhiteElo "2324"]
[Black "venomous"]
[BlackElo "2365"]
[TimeControl "60+0"]
[Result "1-0"]

1. e4 e6 2. Nc3 Nc6 3. d4 Nf6 4. e5 Nd5 5. Nxd5 exd5 6. Nf3 
d6 7. Bb5 Bg4 8. Qe2 N@e4 9. N@a5 Rb8 10. Nxb7 Rxb7 11. Bxc6+ Bd7 
12. Bxb7 N@a5 13. P@c6 Nxc6 14. Bxc6 Bxc6 15. N@g5 B@e7 16. Nxf7 Kxf7 17. R@f4+ 
Ke8 18. e6 Qb8 19. P@d7+ Bxd7 20. exd7+ Kxd7 21. N@e5+ dxe5 22. Nxe5+ Ke6 
23. B@d7+ Kd6 24. Rxe4 Qb4+ 25. Bd2 Qxb2 26. P@c5# 
{venomous checkmated} 1-0

[Event "fics rated crazyhouse match"]
[Site "fics, Oklahoma City, OK USA"]
[Date "2000.12.06"]
[White "venomous"]
[WhiteElo "2356"]
[Black "LINDEGREN"]
[BlackElo "2333"]
[TimeControl "60+0"]
[Result "1-0"]

1. e4 Nf6 2. Nc3 Nc6 3. Nf3 d5 4. exd5 Nxd5 5. Bc4 e6 6. d4 
Bb4 7. Bd2 P@a3 8. Bxd5 exd5 9. bxa3 Bxc3 10. Qe2+ Qe7 11. Qxe7+ Nxe7 
12. Bxc3 N@e4 13. B@b4 Nxc3 14. Bxc3 B@e4 15. N@h5 Q@g6 16. N@f4 Bxf3 17. Nxg6 
hxg6 18. Nxg7+ Kd8 19. P@f6 B@d6 20. P@e5 Bxg2 21. exd6 N@f3+ 22. Kd1 P@e2+ 
23. Kc1 cxd6 24. fxe7+ Kxe7 25. P@f6+ Kxf6 26. N@e8+ Rxe8 27. Nxe8+ Ke7 28. Q@f6# 
{LINDEGREN resigns} 1-0

[Event "fics rated crazyhouse match"]
[Site "fics, Oklahoma City, OK USA"]
[Date "2000.12.06"]
[White "LINDEGREN"]
[WhiteElo "2326"]
[Black "venomous"]
[BlackElo "2363"]
[TimeControl "60+0"]
[Result "0-1"]

1. e4 e6 2. Nc3 b6 3. d4 Bb7 4. Bd3 Nf6 5. f3 Nc6 6. Be3 
Bb4 7. Ne2 e5 8. dxe5 Nxe5 9. O-O P@c4 10. P@g5 cxd3 11. cxd3 Nh5 
12. P@g4 Bxc3 13. bxc3 N@c4 14. dxc4 Nxc4 15. B@f2 P@f4 16. Nxf4 Nxf4 17. Bxf4 
N@b2 18. Qb3 B@a4 19. Qb4 a5 20. P@e7 axb4 21. exd8=Q+ Kxd8 22. Bxc7+ Kxc7 
23. Bxb6+ Nxb6 24. P@d6+ Kb8 25. P@c7+ Ka7 26. cxb4 B@d4+ 27. Kh1 P@e2 28. P@a5 
exf1=Q+ 29. Rxf1 Q@a6 30. axb6+ Bxb6 31. P@a5 Qxf1# 
{LINDEGREN resigns} 0-1

[Event "fics rated crazyhouse match"]
[Site "fics, Oklahoma City, OK USA"]
[Date "2000.12.06"]
[White "venomous"]
[WhiteElo "2370"]
[Black "LINDEGREN"]
[BlackElo "2319"]
[TimeControl "60+0"]
[Result "1-0"]

1. e4 Nf6 2. Nc3 Nc6 3. Nf3 d5 4. exd5 Nxd5 5. Bc4 e6 6. d4 
Bb4 7. Bd2 Bxc3 8. bxc3 N@e4 9. Bxd5 exd5 10. N@h5 Rg8 11. P@d3 Nxd2 
12. Qxd2 Qe7+ 13. N@e5 P@g4 14. Ng5 B@h6 15. B@f4 Nxe5 16. dxe5 N@h4 17. N@f6+ 
gxf6 18. Nxf6+ Qxf6 19. exf6 N@f5 20. Qe2+ B@e6 21. Nxe6 Bxe6 22. Bxh6 Nxg2+ 
23. Kd1 P@b2 24. Rb1 N@f4 25. Bxf4 Nxf4 26. B@a4+ B@c6 27. Bxc6+ bxc6 28. P@b7 
Rd8 29. N@g7+ Rxg7 30. fxg7 Nxe2 31. R@f8+ Ke7 32. B@g5+ B@f6 33. Bxf6+ Kxf6 
34. g8=N+ Kg7 35. B@f6+ Kxf8 36. Q@g7+ Ke8 37. Qf8# 
{LINDEGREN forfeits on time} 1-0

[Event "fics rated crazyhouse match"]
[Site "fics, Oklahoma City, OK USA"]
[Date "2000.12.06"]
[White "LINDEGREN"]
[WhiteElo "2312"]
[Black "venomous"]
[BlackElo "2377"]
[TimeControl "60+0"]
[Result "0-1"]

1. e4 e6 2. Nc3 Nc6 3. d4 Nf6 4. Nf3 Bb4 5. Bd3 d5 6. exd5 
Nxd5 7. Bd2 P@a3 8. Nxd5 Bxd2+ 9. Qxd2 axb2 10. Rd1 exd5 11. Qe3+ P@e4 
12. N@h5 Rg8 13. Bxe4 dxe4 14. Qxe4+ Qe7 15. Qxe7+ Nxe7 16. B@b4 B@d6 17. Bxd6 
cxd6 18. Q@e2 Q@a5+ 19. B@d2 Qxh5 20. P@e5 d5 21. P@f6 B@c4 22. P@d3 Bxd3 
23. Qxd3 B@c4 24. B@b5+ Bxb5 25. Qxb5+ B@c6 26. Qe2 P@d3 27. Qxd3 Bf5 28. Qe2 
Bxc2 29. fxe7 N@d3+ 30. Kf1 Bxd1 31. N@d6+ Kd7 32. Qxd1 P@h3 33. gxh3 b1=Q 
34. P@g2 Qxd1+ 35. B@e1 Q@e2# 
{LINDEGREN resigns} 0-1

[Event "fics rated crazyhouse match"]
[Site "fics, Oklahoma City, OK USA"]
[Date "2000.12.06"]
[White "venomous"]
[WhiteElo "2384"]
[Black "LINDEGREN"]
[BlackElo "2305"]
[TimeControl "60+0"]
[Result "1-0"]

1. e4 Nf6 2. Nc3 Nc6 3. Nf3 d5 4. exd5 Nxd5 5. Bc4 e6 6. d4 
Bb4 7. Bd2 P@a3 8. Bxd5 exd5 9. Qe2+ B@e6 10. bxa3 Bxc3 11. Bxc3 N@f4 
12. Qf1 Qe7 13. B@g5 f6 14. Bxf4 Bf5+ 15. P@e3 Bxc2 16. Rc1 Be4 17. P@d3 
Bxf3 18. gxf3 P@e4 19. B@e2 exf3 20. Bxf3 N@h4 21. P@e2 Nxf3+ 22. exf3 P@e4 
23. N@b5 O-O 24. Rg1 B@g6 25. fxe4 dxe4 26. dxe4 P@f3 27. P@d3 Be6 28. P@e2 
Bxa2 29. exf3 a6 30. Nxc7 Rac8 31. P@f5 Rxc7 32. fxg6 hxg6 33. P@d6 Qf7 
34. dxc7 N@a4 35. N@d6 Nxc3 36. Nxf7 Rxf7 37. c8=Q+ B@f8 38. Qxf8+ Rxf8 39. B@h7# 
{LINDEGREN forfeits on time} 1-0

[Event "fics rated crazyhouse match"]
[Site "fics, Oklahoma City, OK USA"]
[Date "2000.12.06"]
[White "LINDEGREN"]
[WhiteElo "2299"]
[Black "venomous"]
[BlackElo "2390"]
[TimeControl "60+0"]
[Result "1-0"]

1. e4 e6 2. Nc3 Nc6 3. d4 Nf6 4. Nf3 Bb4 5. Bd3 d5 6. exd5 
Nxd5 7. Bd2 P@a3 8. Nxd5 Bxd2+ 9. Qxd2 axb2 10. Rd1 exd5 11. Qe3+ P@e4 
12. N@h5 Rg8 13. Bxe4 dxe4 14. Qxe4+ Qe7 15. P@e5 B@f5 16. Qe2 N@c3 17. B@c5 
Nxe2 18. Bxe7 B@b4+ 19. Bxb4 Nxb4 20. B@b5+ B@d7 21. Bxe2 Nxc2+ 22. Kf1 P@e7 
23. P@d6 Nxd4 24. dxe7 Kxe7 25. P@f6+ gxf6 26. exf6+ Kd6 27. Q@e5+ Kc6 28. Nxd4+ 
Kb6 29. P@a5# 
{venomous checkmated} 1-0

[Event "fics rated crazyhouse match"]
[Site "fics, Oklahoma City, OK USA"]
[Date "2000.12.06"]
[White "venomous"]
[WhiteElo "2380"]
[Black "LINDEGREN"]
[BlackElo "2309"]
[TimeControl "60+0"]
[Result "1-0"]

1. e4 Nf6 2. Nc3 Nc6 3. Nf3 d5 4. exd5 Nxd5 5. Nxd5 Qxd5 6. d4 
e6 7. N@c3 Bb4 8. P@c4 Bxc3+ 9. bxc3 Qe4+ 10. B@e3 P@f4 11. Bd3 Qxd3 
12. cxd3 fxe3 13. Bxe3 N@g4 14. P@h6 Nxe3 15. hxg7 Rg8 16. fxe3 B@g6 17. N@f6+ 
Kd8 18. Q@f8+ Rxf8 19. gxf8=Q# 
{LINDEGREN resigns} 1-0

[Event "fics rated crazyhouse match"]
[Site "fics, Oklahoma City, OK USA"]
[Date "2000.12.06"]
[White "LINDEGREN"]
[WhiteElo "2303"]
[Black "venomous"]
[BlackElo "2386"]
[TimeControl "60+0"]
[Result "0-1"]

1. e4 e6 2. Nc3 Nc6 3. d4 Nf6 4. Nf3 Bb4 5. Bd3 d5 6. exd5 
Nxd5 7. Bd2 P@a3 8. Nxd5 Bxd2+ 9. Qxd2 axb2 10. Rd1 exd5 11. Qe3+ P@e4 
12. N@h5 Rg8 13. Bxe4 dxe4 14. Qxe4+ Qe7 15. Qxe7+ Nxe7 16. B@d3 Q@a5+ 17. P@d2 
Qxh5 18. Q@e4 B@f5 19. P@g4 Bxe4 20. gxh5 Bxd3 21. cxd3 N@f4 22. B@f1 N@c2# 
{LINDEGREN checkmated} 0-1

[Event "fics rated crazyhouse match"]
[Site "fics, Oklahoma City, OK USA"]
[Date "2000.12.06"]
[White "venomous"]
[WhiteElo "2392"]
[Black "LINDEGREN"]
[BlackElo "2297"]
[TimeControl "60+0"]
[Result "0-1"]

1. e4 Nf6 2. Nc3 Nc6 3. Nf3 d5 4. exd5 Nxd5 5. Bc4 e6 6. d4 
Bb4 7. Bd2 Bxc3 8. bxc3 N@e4 9. Bxd5 exd5 10. N@h5 Qe7 11. Nxg7+ Kd8 
12. P@e5 P@g4 13. B@g5 f6 14. exf6 Nxf6+ 15. Ne5 Nxe5 16. dxe5 Qxe5+ 17. P@e3 
B@g6 18. Bxf6+ Qxf6 19. N@h5 Qf7 20. N@e5 Qe7 21. Nxg6 hxg6 22. B@f6 B@d6 
23. P@e5 N@h4 24. Rg1 N@f3+ 25. gxf3 Nxf3+ 26. Qxf3 gxf3 27. N@f7+ Kd7 28. N@f4 
P@e2 29. Bxe7 Q@f1+ 30. Rxf1 exf1=Q+ 31. Kxf1 P@e2+ 32. Nxe2 P@g2+ 33. Kg1 R@h1# 
{venomous checkmated} 0-1

[Event "fics rated crazyhouse match"]
[Site "fics, Oklahoma City, OK USA"]
[Date "2000.12.06"]
[White "LINDEGREN"]
[WhiteElo "2307"]
[Black "venomous"]
[BlackElo "2382"]
[TimeControl "60+0"]
[Result "1-0"]

1. e4 e6 2. Nc3 Nc6 3. d4 Nf6 4. Nf3 Bb4 5. Bd3 d5 6. exd5 
Nxd5 7. Bd2 P@a3 8. Nxd5 Bxd2+ 9. Nxd2 axb2 10. Nxc7+ Qxc7 11. B@g3 bxa1=Q 
12. Qxa1 Qxg3 13. hxg3 B@b8 14. N@h5 B@f8 15. P@h6 P@c3 16. Qxc3 N@d5 17. hxg7 
Nxc3 18. Nf6+ Kd8 19. Q@e8+ Kc7 20. O-O Bxg7 21. P@d6+ Kb6 22. P@c5+ Ka5 
23. Qxh8 Bxh8 24. P@b2 Bxf6 25. bxc3 Q@h2+ 26. Kxh2 N@g4+ 27. Kh3 R@h2+ 28. Kxg4 
Q@h5+ 29. Kf4 P@e5+ 30. Ke4 Qf5+ 31. Ke3 exd4+ 32. Ke2 Qg4+ 33. f3 Rxg2+ 
34. P@f2 Rxf2+ 35. Rxf2 Qxf3+ 36. Nxf3 b5 37. Q@a3+ P@a4 38. Q@b4+ Nxb4 39. Qxb4+ 
Ka6 40. Qxb5# 
{venomous checkmated} 1-0

[Event "fics rated crazyhouse match"]
[Site "fics, Oklahoma City, OK USA"]
[Date "2000.12.06"]
[White "venomous"]
[WhiteElo "2372"]
[Black "LINDEGREN"]
[BlackElo "2317"]
[TimeControl "60+0"]
[Result "1-0"]

1. e4 Nf6 2. Nc3 Nc6 3. Nf3 d5 4. exd5 Nxd5 5. Bc4 e6 6. d4 
Bb4 7. Bd2 Bxc3 8. bxc3 N@e4 9. Bxd5 exd5 10. N@h5 Rg8 11. P@d3 Nxd2 
12. Qxd2 Qe7+ 13. N@e5 B@h6 14. Qxh6 gxh6 15. B@f6 Qe6 16. Ng7+ Rxg7 17. Bxg7 
Nxe5 18. R@g8+ Kd7 19. Nxe5+ Qxe5+ 20. Bxe5 P@d2+ 21. Kxd2 N@c4+ 22. Ke2 Q@d2+ 
23. Kf3 Nxe5+ 24. dxe5 N@h4+ 25. Kg3 Nf5+ 26. Kh3 N@f4+ 27. Kg4 h5+ 28. Kxf5 
B@g6+ 29. Kf6 B@e7+ 30. Kg7 Ne6+ 31. Kh8 Qh6 32. Q@e8# 
{LINDEGREN checkmated} 1-0

[Event "fics rated crazyhouse match"]
[Site "fics, Oklahoma City, OK USA"]
[Date "2000.12.06"]
[White "LINDEGREN"]
[WhiteElo "2310"]
[Black "venomous"]
[BlackElo "2379"]
[TimeControl "60+0"]
[Result "0-1"]

1. e4 e6 2. Nc3 Nc6 3. d4 Nf6 4. Nf3 Bb4 5. Bd3 d5 6. exd5 
Nxd5 7. Bd2 P@a3 8. Nxd5 Bxd2+ 9. Qxd2 axb2 10. Rd1 exd5 11. Qe3+ P@e4 
12. N@h5 B@b4+ 13. P@d2 Rg8 14. Bxe4 dxe4 15. Qxe4+ Qe7 16. Qxe7+ Bxe7 17. B@e5 
B@b5 18. P@d3 N@c1 19. O-O Ne2+ 20. Kh1 Bxd3 21. Nxg7+ Rxg7 22. Bxg7 Q@g8 
23. R@h8 Qxh8 24. Bxh8 P@h3 25. Rg1 R@g8 26. cxd3 Nxg1 27. Rxg1 R@c1 28. B@e1 
Bg4 29. N@f6+ Kd8 30. P@e6 Bxe6 31. P@d7 Bxd7 32. Nxd7 hxg2+ 33. Rxg2 Rxg2 
{LINDEGREN forfeits on time} 0-1

[Event "fics rated crazyhouse match"]
[Site "fics, Oklahoma City, OK USA"]
[Date "2000.12.06"]
[White "venomous"]
[WhiteElo "2385"]
[Black "LINDEGREN"]
[BlackElo "2304"]
[TimeControl "60+0"]
[Result "0-1"]

1. e4 e6 2. d4 Nf6 3. Bd3 d5 4. e5 Ne4 5. Nh3 Nc6 6. Be3 
Bb4+ 7. c3 Be7 8. O-O f5 9. exf6 Bxf6 10. P@e5 Nxe5 11. dxe5 Bxe5 
12. Qh5+ P@g6 13. Qxe5 O-O 14. B@h6 P@f6 15. Qf4 gxh6 16. Qxh6 P@g7 17. Qh4 
B@f5 18. P@g4 Bxg4 19. Qxg4 e5 20. B@e6+ Bxe6 21. Qxe6+ P@f7 22. Qg4 B@f5 
23. Qxf5 gxf5 24. N@h6+ gxh6 25. Bxh6 Q@g6 26. B@g7 Re8 27. P@g3 f4 28. Bxe4 
dxe4 29. N@h4 Qh5 30. Bxf6 N@e2+ 31. Kh1 Qxf6 32. B@g5 Qe6 33. gxf4 B@f3 
34. P@f5 Qxf5 35. Nxf3 exf3 
{venomous resigns} 0-1

[Event "fics rated crazyhouse match"]
[Site "fics, Oklahoma City, OK USA"]
[Date "2000.12.06"]
[White "LINDEGREN"]
[WhiteElo "2314"]
[Black "venomous"]
[BlackElo "2375"]
[TimeControl "60+0"]
[Result "0-1"]

1. e4 e6 2. Nc3 Nc6 3. a3 Nf6 4. d4 d5 5. e5 Ne4 6. Nh3 
Nxc3 7. bxc3 N@e4 8. Bd2 Be7 9. Bd3 Nxd2 10. Qxd2 B@g6 11. O-O Bxd3 
12. cxd3 B@h6 13. B@e3 Bxe3 14. fxe3 B@g6 15. Nf4 Bd7 16. N@h5 Rg8 17. Rf2 
Bg5 18. Raf1 Bxf4 19. Nxf4 Bf5 20. B@h5 Qe7 21. Bxf7+ Qxf7 22. N@g5 B@g6 
23. Nxf7 Bxf7 24. P@f6 gxf6 25. exf6 N@g4 26. P@g7 Nxf6 27. B@h6 O-O-O 28. c4 
dxc4 29. dxc4 N@e4 30. Qb2 P@b6 31. P@a6 bxa6 32. Nxe6 Bdxe6 33. Q@a8+ Kd7 
34. Qb7 Nxf2 35. Qxf2 N@d3 36. d5 Bxd5 37. cxd5 Bxd5 
{LINDEGREN forfeits on time} 0-1

[Event "fics rated crazyhouse match"]
[Site "fics, Oklahoma City, OK USA"]
[Date "2000.12.06"]
[White "venomous"]
[WhiteElo "2382"]
[Black "LINDEGREN"]
[BlackElo "2307"]
[TimeControl "60+0"]
[Result "1-0"]

1. e4 e6 2. d4 Nf6 3. Bd3 d5 4. e5 Ne4 5. Nh3 Nc6 6. Be3 
Bb4+ 7. c3 Be7 8. Qc1 f5 9. f3 O-O 10. O-O Bd7 11. fxe4 dxe4 
12. Be2 Be8 13. Nd2 P@d3 14. Bd1 Bg6 15. N@f4 Bh4 16. Nxe6 Qe7 17. Nxf8 
Rxf8 18. Bb3+ Kh8 19. Bd1 Nxe5 20. dxe5 P@e2 21. P@g3 exf1=Q+ 22. Nxf1 N@e2+ 
23. Bxe2 dxe2 24. gxh4 exf1=Q+ 25. Qxf1 B@d3 26. P@e2 Bxe2 27. Qxe2 P@f3 28. P@f6 
gxf6 29. exf6 Rxf6 30. R@c8+ N@e8 31. N@d5 Qf7 32. Nxf6 fxe2 33. P@g7+ Kxg7 
34. B@h6+ Kxf6 35. Bhg5+ Ke6 36. N@d4+ Kd7 37. Nxe2 P@f2+ 38. Bxf2 N@d3 39. R@d8+ 
Kc6 40. B@a4+ b5 41. Rxe8 
{LINDEGREN forfeits on time} 1-0

[Event "fics rated crazyhouse match"]
[Site "fics, Oklahoma City, OK USA"]
[Date "2000.12.06"]
[White "LINDEGREN"]
[WhiteElo "2301"]
[Black "venomous"]
[BlackElo "2388"]
[TimeControl "60+0"]
[Result "0-1"]

1. e4 e6 2. Nc3 Nc6 3. d4 Nf6 4. a3 d5 5. exd5 exd5 6. Nxd5 
Nxd5 7. Nf3 Bg4 8. Be2 P@e4 9. P@c4 exf3 10. Bxf3 Bxf3 11. Qxf3 Nxd4 
12. Qe4+ Qe7 13. P@e5 B@f5 14. Qxd5 Nxc2+ 15. Kd2 Rd8 16. B@a4+ P@c6 17. P@d6 
cxd6 18. Bxc6+ bxc6 19. Qxc6+ Qd7 20. N@c7+ Ke7 21. P@f6+ gxf6 22. exf6+ Kxf6 
23. P@e5+ Kg7 24. Qxd7 Rxd7 25. P@f6+ Kg8 26. Q@g5+ B@g6 27. Qxf5 Bxf5 28. B@d3 
Bxd3 29. Re1 N@b3# 
{LINDEGREN resigns} 0-1

[Event "fics rated crazyhouse match"]
[Site "fics, Oklahoma City, OK USA"]
[Date "2000.12.06"]
[White "venomous"]
[WhiteElo "2394"]
[Black "LINDEGREN"]
[BlackElo "2295"]
[TimeControl "60+0"]
[Result "1-0"]

1. e4 Nf6 2. Nc3 Nc6 3. Nf3 e6 4. d4 Bb4 5. Bg5 h6 6. Bxf6 
Qxf6 7. e5 Qg6 8. N@f4 Qe4+ 9. Ne2 Bxc3+ 10. bxc3 B@f4 11. B@d3 Qxd3 
12. Qxd3 N@d5 13. Nxf4 Nxf4 14. Qd2 B@g5 15. B@e3 N@d5 16. Bxf4 Bxf4 17. N@e3 
d6 18. exd6 cxd6 19. P@e4 Nxe3 20. fxe3 Bxe3 21. Qxe3 N@g4 22. N@h5 Nxe3 
23. Nxg7+ Kd7 24. Q@e2 Nxc2+ 25. Qxc2 Q@e3+ 26. B@e2 P@f2+ 27. Kd1 B@a5 28. P@d2 
Qf4 29. N@d3 Qg4 30. Nxf2 Qxg7 31. P@b5 Bxc3 32. dxc3 
{LINDEGREN forfeits on time} 1-0

[Event "fics rated crazyhouse match"]
[Site "fics, Oklahoma City, OK USA"]
[Date "2000.12.06"]
[White "venomous"]
[WhiteElo "2400"]
[Black "VABORIS"]
[BlackElo "2299"]
[TimeControl "60+0"]
[Result "1-0"]

1. e4 e6 2. d4 Nc6 3. Be3 Nf6 4. Bd3 d6 5. Nc3 Be7 6. Nf3 
O-O 7. O-O e5 8. d5 Nb4 9. Be2 Bg4 10. a3 Na6 11. Bxa6 bxa6 
12. N@c6 Qe8 13. Nxe7+ Qxe7 14. B@g5 B@h5 15. Bxf6 Qxf6 16. Bg5 Qxg5 17. Nxg5 
Bxd1 18. Raxd1 N@f4 19. B@f3 B@g6 20. Bxh5 Bxh5 21. B@f3 B@g6 22. N@e7+ Kh8 
23. Bxh5 Bxh5 24. B@g4 B@g6 25. Nxg6+ fxg6 26. Bxh5 gxh5 27. B@g3 B@e7 28. Bxf4 
Rxf4 29. N@f7+ Rxf7 30. Nxf7+ Kg8 31. Q@h8+ Kxf7 32. B@e6# 
{VABORIS forfeits on time} 1-0

[Event "fics rated crazyhouse match"]
[Site "fics, Oklahoma City, OK USA"]
[Date "2000.12.06"]
[White "VABORIS"]
[WhiteElo "2293"]
[Black "venomous"]
[BlackElo "2406"]
[TimeControl "60+0"]
[Result "1-0"]

1. e4 e6 2. d4 Nc6 3. Be3 Nf6 4. Bd3 d5 5. e5 Ne4 6. Nh3 
Bd7 7. O-O Be7 8. c3 O-O 9. f3 f5 10. fxe4 dxe4 11. Be2 P@g4 
12. Nf4 Bg5 13. Nd2 Bxf4 14. Bxf4 N@d5 15. B@e3 Nxe3 16. Bxe3 B@g5 17. N@f4 
Bxf4 18. Bxf4 N@g6 19. B@e3 Nce7 20. Bg5 Qe8 21. Nxe4 fxe4 22. P@f6 Nf5 
23. fxg7 Kxg7 24. P@f6+ Kg8 25. Rxf5 exf5 26. N@h6+ Kh8 27. Nxf5 h6 28. Bxh6 
R@h5 29. Bg7+ Kh7 30. N@g5+ Rxg5 31. Bxg5 Bxf5 32. P@h5 g3 33. hxg6+ Qxg6 
34. R@h4+ P@h5 35. Rxh5+ Kg8 36. N@e7+ Kf7 
{venomous forfeits on time} 1-0

[Event "fics rated crazyhouse match"]
[Site "fics, Oklahoma City, OK USA"]
[Date "2000.12.06"]
[White "venomous"]
[WhiteElo "2396"]
[Black "VABORIS"]
[BlackElo "2303"]
[TimeControl "60+0"]
[Result "1-0"]

1. e4 e6 2. d4 Nc6 3. Be3 Nf6 4. Bd3 d6 5. Nc3 e5 6. d5 
Nd4 7. Bxd4 exd4 8. Bb5+ B@d7 9. Qxd4 Bxb5 10. Nxb5 B@c5 11. Qd3 Bd7 
12. B@f3 Be7 13. P@g5 O-O 14. gxf6 Bxf6 15. Rb1 Bxb5 16. Qxb5 P@d2+ 17. Kxd2 
Bxf2 18. Nh3 P@e3+ 19. Kd1 Bxb2 20. Qxb2 N@a4 21. Qb3 Nc5 22. Qc3 Na4 
23. Qb4 P@b5 24. B@a1 Nc5 25. N@f5 
{VABORIS resigns} 1-0

[Event "fics rated crazyhouse match"]
[Site "fics, Oklahoma City, OK USA"]
[Date "2000.12.06"]
[White "VABORIS"]
[WhiteElo "2297"]
[Black "venomous"]
[BlackElo "2402"]
[TimeControl "60+0"]
[Result "1-0"]

1. e4 e6 2. d4 b6 3. Be3 Bb7 4. Bd3 Nf6 5. Nd2 d5 6. e5 
Ne4 7. Nh3 Nd7 8. O-O Be7 9. c3 O-O 10. f3 Nxd2 11. Qxd2 N@f5 
12. N@h5 f6 13. Bxf5 exf5 14. Nxg7 Kxg7 15. N@h5+ Kg8 16. e6 Nb8 17. P@f7+ 
Kh8 18. Bh6 Rg8 19. fxg8=Q+ Qxg8 20. Bg7+ Qxg7 21. Nxg7 B@g8 22. Nh5 P@g7 
23. R@g6 Bxe6 24. Rxg7 Nc6 25. Rxh7# 
{venomous resigns} 1-0

[Event "fics rated crazyhouse match"]
[Site "fics, Oklahoma City, OK USA"]
[Date "2000.12.06"]
[White "venomous"]
[WhiteElo "2392"]
[Black "VABORIS"]
[BlackElo "2307"]
[TimeControl "60+0"]
[Result "1-0"]

1. e4 Nf6 2. Nc3 d5 3. exd5 Nxd5 4. Bc4 e6 5. Nh3 Nc6 6. d4 
Bb4 7. Bxd5 exd5 8. Nf4 Qe7+ 9. P@e5 B@e4 10. f3 P@c5 11. fxe4 cxd4 
12. Nxd5 Qxe5 13. B@f4 Bxc3+ 14. Nxc3 P@f2+ 15. Kf1 Qe7 16. Nd5 Qxe4 17. B@f3 
P@e2+ 18. Qxe2 Qxe2+ 19. Kxe2 d3+ 20. Kxf2 P@g3+ 21. hxg3 N@e4+ 22. Bxe4 Q@e2+ 
23. Kg1 Qe1+ 24. Kh2 Qxh1+ 25. Kxh1 R@f1+ 26. Kh2 O-O 27. N@h6+ gxh6 28. N@f6+ 
Kh8 29. P@g7+ Kxg7 30. Bxh6# 
{VABORIS forfeits on time} 1-0